 Dungeon Crawl Stone Soup version 0.25.0-9-g26727b657a (webtiles) character file.

Game seed: 4694752086005980638

579 Delamore the Cudgeler (level 7, -4/41 HPs)
             Began as a Gargoyle Fighter on June 17, 2020.
             Slain by an orc warrior
             ... wielding a +0 scimitar
              (12 damage)
             ... on level 4 of the Dungeon.
             The game lasted 00:04:22 (3519 turns).

Delamore the Cudgeler (Gargoyle Fighter)            Turns: 3519, Time: 00:04:23

Health: -4/41      AC: 12    Str: 22    XL:     7   Next: 36%
Magic:  7/7        EV:  7    Int:  8    God:
Gold:   203        SH:  9    Dex:  9    Spells: 6/6 levels left

rFire    . . .     SeeInvis .   o - +0 mace (holy)
rCold    . . .     Gourm    .   c - +0 kite shield
rNeg     + . .     Faith    .   b - +0 scale mail
rPois    ∞         Spirit   .   (no helmet)
rElec    +         Reflect  .   h - scarf {harm}
rCorr    .         Harm     .   p - +0 pair of gloves
MR       .....                  (no boots)
Stlth    ..........             (no amulet)
HPRegen  0.13/turn              (no ring)
MPRegen  0.10/turn              (no ring)

@: no status effects
A: negative energy resistance 1, electricity resistance, unbreathing,
petrification resistance, rot immunity, AC +4
a: no special abilities


You were on level 4 of the Dungeon.
You were not hungry.

You visited 1 branch of the dungeon, and saw 4 of its levels.

You collected 203 gold pieces.

Inventory:

Hand Weapons
 a - a +0 flail
 o - a +0 mace of holy wrath (weapon)
Armour
 b - a +0 scale mail (worn)
 c - a +0 kite shield (worn)
 h - a scarf of harm (worn)
 p - a +0 pair of gloves (worn)
Scrolls
 q - 3 scrolls of teleportation
 s - a scroll of random uselessness
Potions
 d - a potion of might
 e - a potion of resistance {unknown}
 g - a potion of cancellation {unknown}
 k - a potion of mutation {unknown}
 l - a potion of flight {unknown}
 m - a potion of stabbing {unknown}
Comestibles
 f - 3 rations


   Skills:
 - Level 3.2 Fighting
 + Level 7.9 Maces & Flails
 - Level 3.2 Armour
 - Level 3.2 Shields


You had 6 spell levels left.
You didn't know any spells.
Your spell library was empty.

Dungeon Overview and Level Annotations

Branches:
Dungeon (4/15)
 Temple: D:4-7

Altars:
Fedhas
Nemelex Xobeh
Vehumet


Innate Abilities, Weirdness & Mutations

You are resistant to torment.
Your stone body is resilient. (AC +4)
You are immune to poison.
You resist negative energy. (rN+)
You are resistant to electric shocks. (rElec)
You can survive without breathing.
You are immune to petrification.
You are immune to rotting.


Message History

You kill the worker ant!
An orc wizard comes into view. It is wielding a +0 dagger.
An orc comes into view. It is wielding a +0 war axe.
The orc wizard shouts!
The orc shouts!
You block the orc warrior's attack.
There is an open door here.
You hit the orc warrior but do no damage.
The orc warrior hits you but does no damage.
You hit the orc warrior.
The orc warrior is lightly wounded.
The orc wizard gestures wildly while chanting.
The orc wizard flickers and vanishes!
The orc warrior hits you but does no damage.
You closely miss the orc warrior.
The orc warrior is lightly wounded.
The orc warrior closely misses you.
You hit the orc warrior but do no damage.
The orc warrior is lightly wounded.
The orc warrior hits you with a +0 scimitar!
You die...

..........?........
..................###
(................##.##
................##^..##
...............##.._..##
......(.......##.....^.#
.......####..##^.^....^.
.......# #..#.^.###
.......# ##.##.@#.#
.......# #..###o.#
.......# ##....{###..
.......# ##...o.....#
.......# #.........#
.......# #?.........
.......# #..........
.......# #..........
.......# #..........


You could see an orc warrior and an orc.

Vanquished Creatures
  Grinder (D:3)
  The ghost of kikerikii the Grasshopper, an amateur HaWr (D:3)
  Blork the orc (D:4)
  A hound (D:4)
  An iguana (D:4)
  Ijyb (D:3)
  2 orc wizards (D:4)
  A worker ant (D:4)
  A hound skeleton (D:4)
  2 adders (D:3)
  An ooze (D:3)
  4 worms
  2 dart slugs
  A leopard gecko (D:3)
  2 orcs (D:4)
  9 bats
  2 giant cockroaches
  3 hobgoblins
  6 jackals
  A quokka (D:2)
  A ball python (D:1)
  5 frilled lizards
  4 goblins
  6 kobolds
  7 rats
66 creatures vanquished.

Notes
Turn   | Place    | Note
-------+----------+-------------------------------------------
     0 | D:1      | Delamore the Gargoyle Fighter began the quest for the Orb.
     0 | D:1      | Reached XP level 1. HP: 14/14 MP: 1/1
   261 | D:1      | Reached XP level 2. HP: 16/19 MP: 2/2
   454 | D:1      | Reached skill level 3 in Maces & Flails
  1032 | D:2      | Found a blossoming altar of Fedhas.
  1041 | D:2      | Reached XP level 3. HP: 13/23 MP: 3/3
  1489 | D:2      | Found a radiant altar of Vehumet.
  1675 | D:3      | Reached skill level 4 in Maces & Flails
  1676 | D:3      | Reached XP level 4. HP: 25/28 MP: 4/4
  1773 | D:3      | Noticed Grinder
  1796 | D:3      | Killed Grinder
  1796 | D:3      | Reached skill level 6 in Maces & Flails
  1796 | D:3      | Reached XP level 5. HP: 15/32 MP: 5/5
  1796 | D:3      | Reached XP level 6. HP: 17/37 MP: 6/6
  1991 | D:3      | Noticed Ijyb
  2006 | D:3      | Killed Ijyb
  2439 | D:3      | Found a large runed translucent door.
  2773 | D:3      | Found a large runed translucent door.
  2775 | D:3      | Noticed kikerikii's ghost (amateur HaWr)
  2906 | D:3      | Killed kikerikii's ghost
  3023 | D:4      | Noticed Blork the orc
  3039 | D:4      | Killed Blork the orc
  3039 | D:4      | Reached skill level 7 in Maces & Flails
  3197 | D:4      | Reached XP level 7. HP: 41/41 MP: 7/7
  3507 | D:4      | Found a sparkling altar of Nemelex Xobeh.
  3519 | D:4      | Slain by an orc warrior

Illustrated notes

Levels and vault maps discovered:
D:1:      lightli_arrival_statuegarden, layout_basic
D:2:      layout_basic, overflow_temple_1_default, fedhas_altar_1
D:3:      layout_basic, ebering_ghost_disaster_area, chequers_avenue,
          wander_ebering_terrifying_dragon_lair, uniq_grinder, uniq_ijyb
D:4:      layout_gridville, enter_ossuary_2, nemelex_spade_bored_becter,
          uniq_blork_the_orc

Skill      XL: |  1  2  3  4  5  6 |
---------------+-------------------+-----
Maces & Flails | 3 4 6 7 |  7.9
Fighting       | |  3.2
Armour         | |  3.2
Shields        | |  3.2

Action                   |  1- 3 |  4- 6 |  7- 9 || total
-------------------------+-------+-------+-------++-------
Melee: Flail             |    70 |       |       ||    70
       Mace              |    90 |    94 |    78 ||   262
       Unarmed           |       |     9 |       ||     9
  Use: Scroll            |       |     6 |     3 ||     9
  Eat: Chunk             |     3 |     4 |       ||     7
       Ration            |       |       |     1 ||     1
Armor: Scale mail        |   118 |    38 |    71 ||   227
       Skin              |       |     1 |       ||     1
Dodge: Dodged            |    72 |    29 |    29 ||   130
Block: Kite shield       |   106 |    51 |    57 ||   214
